 Dungeon Crawl Stone Soup version 0.27.1-4-g1640c2035a (webtiles) character file.

Game seed: 12590701680019913447

9 bearlyready the Skirmisher (level 2, 0/32 HPs)
             Began as an Ogre Delver on Nov 13, 2021.
             Succumbed to an adder's poison
             ... on level 4 of the Dungeon.
             The game lasted 00:00:30 (75 turns).

bearlyready the Skirmisher (Ogre Delver)              Turns: 75, Time: 00:00:31

Health: 0/32       AC:  3    Str: 15    XL:     2   Next: 16%
Magic:  2/2        EV:  9    Int: 11    God:
Gold:   10         SH:  0    Dex: 10    Spells: 1/1 levels left

rFire    . . .     SeeInvis .   a - +0 mace
rCold    . . .     Faith    .   (no shield)
rNeg     . . .     Spirit   .   b - +0 robe
rPois    .         Reflect  .   (helmet restricted)
rElec    .         Harm     .   (no cloak)
rCorr    .         Rampage  .   (gloves unavailable)
Will     .....                  (boots unavailable)
Stlth    ++........             (no amulet)
HPRegen  0.10/turn              (no ring)
MPRegen  0.08/turn              (no ring)

@: lethally poisoned (0 -> -4)
A: large, unfitting armour, tough skin 1
a: no special abilities


You were on level 4 of the Dungeon.
You visited 1 branch of the dungeon, and saw 2 of its levels.

You collected 10 gold pieces.

Inventory:

Hand Weapons
 a - a +0 mace (weapon)
Armour
 b - a +0 robe (worn)
Wands
 g - a wand of digging (3)
 h - a wand of paralysis (1)
Scrolls
 c - a scroll of fog
 d - a scroll of magic mapping
 e - a scroll of fear
Potions
 f - a potion of haste


   Skills:
 - Level 4.0 Fighting
 + Level 2.5 Maces & Flails
 - Level 1.7 Dodging
 - Level 3.7 Stealth


You had one spell level left.
You didn't know any spells.
Your spell library was empty.

Dungeon Overview and Level Annotations

Branches:
Dungeon (5/15)
 Temple: D:4-7

Altars:

Shops:
D:4 [


Innate Abilities, Weirdness & Mutations

You are too large for most types of armour.
You have tough skin. (AC +1)


Message History

The adder closely misses you.
You closely miss the adder.
The adder is severely wounded.
The adder barely misses you. The adder bites you.
You are poisoned.
The adder poisons you!
You miss the adder.
The adder is severely wounded.
You feel sick. The adder bites you. x2
You are too injured to fight recklessly!
You barely miss the adder.
The adder is severely wounded.
You feel sick. The adder bites you but does no damage. The adder bites you.
* * * LOW HITPOINT WARNING * * *
You are lethally poisoned!
The adder poisons you!
Okay, then.
Aiming: Paralyse
Press: ? - help, Shift-Dir - straight line, f - adder
Aim: an adder (severely wounded, chance to affect: 54%)
The adder suddenly stops moving!
* * * LOW HITPOINT WARNING * * *
You feel sick.
The helpless adder fails to defend itself.
You hit the adder.
The adder is almost dead.
* * * LOW HITPOINT WARNING * * *
You feel sick.
The helpless adder fails to defend itself.
You hit the adder.
You kill the adder!
* * * LOW HITPOINT WARNING * * *
You feel sick.
Your Maces & Flails skill increases to level 2!
You have reached level 2!
Okay, then.
Okay, then.
An adder and an orc come into view.
Found Fesuid's Armour Boutique.
You die...

#.# #.#####.#
#.......#####
#
######......#
.# #..###.#
#.# #..# #.#
#.# #.## #.#
#.## #.#
#[###...#..o
#.#
#...@.......
#.#
#####......S
#.. .......
..# .......
..∩.##8 ....#
....# #####


You could see an adder (asleep) and an orc (wandering).

Vanquished Creatures
  An adder (D:4)
1 creature vanquished.

Notes
Turn   | Place    | Note
-------+----------+-------------------------------------------
     0 | D:5      | bearlyready the Ogre Delver began the quest for the Orb.
     0 | D:5      | Reached XP level 1. HP: 24/24 MP: 1/1
    74 | D:4      | HP: 1/24 [poisoned by an adder]
    75 | D:4      | Reached XP level 2. HP: 1/32 MP: 2/2
    75 | D:4      | Found Fesuid's Armour Boutique.
    75 | D:4      | Succumbed to an adder's poison

Illustrated notes

Levels and vault maps discovered:
D:4:      layout_loops_ring, minitemple, serial_shops, shop,
          minmay_misc_feat_chi, grunt_decor_resistance, grunt_ministairs_4,
          uniq_crazy_yiuf_cottage, uniq_eustachio, uniq_sigmund
D:5:      layout_loops_ring, amcnicky_mini_corridor_feature,
          minmay_misc_feat_ornament, lemuel_flame_loot_1

Skill      XL: |  1 |
---------------+----+-----
Maces & Flails | 2 |  2.5
Fighting       | |  4.0
Dodging        | |  1.7
Stealth        | |  3.7

Action                   || total
-------------------------++-------
Melee: Mace              ||     7
Evoke: Wand              ||     1
 Stab: Paralysed         ||     2
       Sleeping          ||     1
Armor: Robe              ||     2
Dodge: Dodged            ||     5
